 Dungeon Crawl Stone Soup version 0.24-a0-445-gd5110b030a (webtiles) character file.

Game seed: 9045895097726153320

30 Krouwed the Shield-Bearer (level 3, -2/29 HPs)
             Began as a Vampire Fighter on June 22, 2019.
             Slain by an adder (4 damage)
             ... on level 2 of the Dungeon.
             The game lasted 00:01:53 (767 turns).

Krouwed the Shield-Bearer (Vampire Fighter)          Turns: 767, Time: 00:01:54

Health: -2/29      AC:  6    Str: 21    XL:     3   Next: 5%
Magic:  3/3        EV:  7    Int: 10    God:
Gold:   58         SH:  9    Dex: 13    Spells: 2/2 levels left

rFire    . . .     SeeInvis +   j - +0 dagger (curse)
rCold    . . .     Gourm    .   c - +0 shield
rNeg     . . .     Faith    .   b - +0 scale mail
rPois    .         Spirit   .   (no helmet)
rElec    .         Reflect  .   (no cloak)
rCorr    .         Harm     .   (no gloves)
MR       .....                  (no boots)
Stlth    ..........             (no amulet)
HPRegen  0.29/turn              h - ring of wizardry
MPRegen  0.08/turn              (no ring)

@: mighty, lethally poisoned (-2 -> -8), regenerating quickly
A: no food, fangs 3, see invisible, unbreathing
a: Exsanguinate


You were on level 2 of the Dungeon.
You were alive.

You visited 1 branch of the dungeon, and saw 2 of its levels.

You collected 58 gold pieces.

Inventory:

Hand Weapons
 a - a +0 rapier
 j - a cursed +0 dagger (weapon)
Armour
 b - a +0 scale mail (worn)
 c - a +0 shield (worn)
 f - a +0 plate armour
Jewellery
 h - a ring of wizardry (left hand)
 i - a cursed ring of flight {unknown}
Scrolls
 l - a scroll of teleportation {unknown}
Potions
 e - a potion of agility {unknown}
 g - a potion of curing {unknown}
 k - a potion of brilliance {unknown}


   Skills:
 + Level 3.0 Fighting
 + Level 2.7 Short Blades
 + Level 2.7 Armour
 + Level 3.0 Shields


You had 2 spell levels left.
You didn't know any spells.
Your spell library was empty.

Dungeon Overview and Level Annotations

Branches:
Dungeon (2/15)

Altars:


Innate Abilities, Weirdness & Mutations

You do not eat.
Your natural rate of healing is unusually fast.
You have razor-sharp teeth.
You have supernaturally acute eyesight. (SInv)
You can survive without breathing.


Message History

You feel sick. You block the adder's attack.
Your shield prevents you from hitting the adder.
The adder is severely wounded.
You feel sick. You block the adder's attack.
Your shield prevents you from hitting the adder.
The adder is severely wounded.
You feel sick. The adder bites you.
* * * LOW HITPOINT WARNING * * *
You closely miss the adder. Your bite misses the adder.
The adder is severely wounded.
You feel sick. You block the adder's attack. The adder bites you.
* * * LOW HITPOINT WARNING * * *
You are more poisoned.
The adder poisons you!
* * * LOW HITPOINT WARNING * * *
You feel sick.
You feel very mighty all of a sudden.
* * * LOW HITPOINT WARNING * * *
You feel sick. The adder bites you.
You die...

#.. #.# #### ####
#.# ..# #.# #
#.######.#
#.##.#.†.((.#
#........#### #
#####.#...#
#.#.#(#.#.#.#####
#......S@....#
###.#.#.#.#(##
..........#
#.#.#.#.#.##
#........<...
##.#.#.#.#.#.#
#............#
##.# #.#.#.#.#


You could see an adder.

Vanquished Creatures
  An adder (D:2)
  An ooze (D:1)
  2 giant cockroaches (D:1)
  2 goblins (D:1)
  3 hobgoblins
  2 bats (D:1)
  2 frilled lizards (D:1)
  A kobold (D:2)
  3 rats (D:1)
17 creatures vanquished.

Notes
Turn   | Place    | Note
-------+----------+-------------------------------------------
     0 | D:1      | Krouwed the Vampire Fighter began the quest for the Orb.
     0 | D:1      | Reached XP level 1. HP: 17/17 MP: 1/1
   284 | D:1      | Reached XP level 2. HP: 23/23 MP: 2/2
   735 | D:2      | Reached XP level 3. HP: 27/29 MP: 3/3
   767 | D:2      | Slain by an adder

Levels and vault maps discovered:
D:1:      zaba_arrival_water, layout_loops_ring
D:2:      layout_loops_cross, nicolae_overflow_crystal_walls, st_stairs_10

Skill      XL: |  1  2 |
---------------+-------+-----
Fighting       | 3 |  3.0
Shields        | 3 |  3.0
Short Blades   | |  2.7
Armour         | |  2.7

Action                   || total
-------------------------++-------
Melee: Rapier            ||    39
       Dagger            ||    41
       Bite              ||     6
  Use: Scroll            ||     1
       Potion            ||     1
Armor: Scale mail        ||    30
Dodge: Dodged            ||    21
Block: Shield            ||    26

Table legend:
 A = Non-vault XP
 B = Vault XP
 C = Vault XP percentage of total XP
 D = Non-vault monster count
 E = Vault monster count
 F = Vault count percentage of total count
                 A         B        C        D         E       F
            +---------+---------+-------+---------+---------+-------
      Total |      30 |      14 |  31.8 |      16 |       1 |   5.9
            +---------+---------+-------+---------+---------+-------
        D:1 |      27 |       0 |   0.0 |      14 |       0 |   0.0
        D:2 |       3 |      14 |  82.4 |       2 |       1 |  33.3
            +---------+---------+-------+---------+---------+-------
